 Dungeon Crawl Stone Soup version 0.26-a0-466-g989023bd0d (webtiles) character file.

Game seed: 8637396969043111539

8883 pk666 the Thaumaturge (level 11, 0/54 HPs)
             Began as a Deep Elf Hedge Wizard on Aug 13, 2020.
             Was a Believer of Vehumet.
             Slain by a cane toad (12 damage)
             ... on level 2 of the Lair of Beasts.
             The game lasted 00:48:41 (17682 turns).

pk666 the Thaumaturge (Deep Elf Hedge Wizard)      Turns: 17682, Time: 00:48:41

Health: 0/54       AC:  5    Str:  7    XL:     11   Next: 15%
Magic:  7/29       EV: 18    Int: 23    God:    Vehumet [**....]
Gold:   237        SH:  0    Dex: 14    Spells: 22/34 levels left

rFire    . . .     SeeInvis .   h - +3 dagger (freeze)
rCold    + . .     Faith    .   (no shield)
rNeg     . . .     Spirit   .   b - +0 robe
rPois    .         Reflect  .   c - +0 hat
rElec    .         Harm     .   g - +1 cloak
rCorr    .                      j - +0 pair of gloves
MR       ++...                  (no boots)
Stlth    ++........             (no amulet)
HPRegen  0.18/turn              l - ring of protection from cold
MPRegen  0.21/turn              u - ring of protection from magic

@: lethally poisoned (0 -> -13), very slightly contaminated
A: no striking features
a: Renounce Religion


You were on level 2 of the Lair of Beasts.
You worshipped Vehumet.
Vehumet was pleased with you.
You visited 3 branches of the dungeon, and saw 13 of its levels.
You also visited: Ossuary.

You collected 570 gold pieces.
You spent 333 gold pieces at shops.

Inventory:

Hand Weapons
 h - a +3 dagger of freezing (weapon)
 r - a +0 dagger of venom
Missiles
 i - 20 poisoned darts (quivered)
 p - 7 silver javelins
Armour
 b - a +0 robe (worn)
 c - a +0 hat (worn)
 g - a +1 cloak (worn)
 j - a +0 pair of gloves (worn)
Magical Staves
 P - an uncursed staff of cold
 U - an uncursed staff of summoning {unknown}
Jewellery
 l - a ring of protection from cold (left hand)
 m - a cursed -4 ring of strength
 n - an uncursed ring of ice
 u - a ring of protection from magic (right hand)
 v - a +6 ring of strength
 I - an uncursed ring of fire {unknown}
 T - an uncursed ring of protection from magic
Wands
 d - a wand of iceblast (6)
 A - a wand of disintegration (11)
 L - a wand of flame (19)
 N - a wand of clouds (8)
 Q - a wand of random effects (18)
 R - a wand of paralysis (16)
Scrolls
 e - 10 scrolls of remove curse
 f - a scroll of enchant weapon
 o - a scroll of fear
 w - 3 scrolls of teleportation
 x - 2 scrolls of vulnerability {unknown}
 y - 2 scrolls of immolation
 D - 2 scrolls of amnesia {unknown}
 E - a scroll of magic mapping {unknown}
 H - a scroll of noise
 J - 2 scrolls of enchant armour
 K - a scroll of holy word {unknown}
 M - 4 scrolls of identify
 O - a scroll of summoning {unknown}
 S - a scroll of blinking
Potions
 a - 3 potions of haste
 k - 12 potions of curing
 q - 7 potions of flight
 s - 3 potions of might
 t - a potion of invisibility
 z - 4 potions of heal wounds
 B - a potion of mutation {unknown}
 C - 2 potions of lignification {unknown}
 F - 4 potions of stabbing
 G - a potion of brilliance {unknown}


   Skills:
 + Level 9.6 Dodging
 - Level 2.4 Stealth
 + Level 12.0 Spellcasting
 + Level 9.6 Conjurations
 - Level 2.0 Summonings
 - Level 2.0 Translocations
 + Level 9.3 Fire Magic
 - Level 2.0 Air Magic
 - Level 3.0 Poison Magic


You had 22 spell levels left.
You knew the following spells:

 Your Spells              Type           Power        Failure   Level
a - Magic Dart            Conj           ####         1%          1
b - Blink                 Tloc           N/A          3%          2
c - Conjure Flame         Conj/Fire      ######..     1%          3
d - Mephitic Cloud        Conj/Pois/Air  #####...     1%          3
e - Call Imp              Summ           ###.....     3%          2
f - Apportation           Tloc           ###...       1%          1

Your spell library contained the following spells:

 Spells                   Type           Power        Failure   Level
 Shock                    Conj/Air       ####         1%          1
 Summon Small Mammal      Summ           ###.         1%          1
 Animate Skeleton         Necr           ##....       4%          1
 Corona                   Hex            ##.....      4%          1
 Slow                     Hex            ##......     7%          2


Dungeon Overview and Level Annotations

Branches:
Dungeon (10/15)            Temple (1/1) D:7            Lair (2/6) D:8
Ossuary (visited)
  Swamp: Lair:2-4    Shoals: Lair:2-4     Snake: Lair:2-4    Spider: Lair:2-4
    Orc: D:9-12

Altars:
Ashenzari
Cheibriados
Dithmenos
Elyvilon
Fedhas
Gozag
Hepliaklqana
Kikubaaqudgha
Makhleb
Nemelex Xobeh
Okawaru
Qazlal
Ru
Sif Muna
Trog
Uskayaw
Vehumet
Wu Jian
Xom
Yredelemnul
Zin
The Shining One

Shops:
D:6 ![*(   D:8 }

Annotations:
D:7 exclusion: downstairs
D:8 1 runed translucent door


Message History

Casting: Mephitic Cloud (safe; 1% risk of failure)
Confirm with . or Enter, or press ? or * to list all spells.
A beastly little devil appears in a puff of flame.
The cane toad stings you!!
The komodo dragon is engulfed in noxious fumes.
The komodo dragon appears confused.
The cane toad stings you!
You are poisoned.
The cane toad poisons you!
You feel better. The komodo dragon bites your white imp!
Your white imp is killed!
The cane toad stings you!
* * * LOW HITPOINT WARNING * * *
You are lethally poisoned!
The cane toad poisons you!
Casting: Call Imp (safe; 3% risk of failure)
Confirm with . or Enter, or press ? or * to list all spells.
You blink.
* * * LOW HITPOINT WARNING * * *
You feel sick. The cane toad stings you!
You die...

#..##.. #....#.#
.......
####......#
.......
#.....#....
.......
###....##...#
.......
###.....###....
#.....5###.#..####
##P..
#.....§.P...##
#...
##.....F.l°○#.#
#....
#......@..○####
#.....
#..........#
##....
.....#...### #....
....#..... .....
....#...### . ...
#...# . #..#. ..#
.


You could see a komodo dragon (confused), a cane toad and a friendly crimson imp
(summoned).

Vanquished Creatures
  2 two-headed ogres (D:9)
  A cane toad (Lair:1)
  A blink frog (Lair:1)
  Sigmund (D:4)
  6 yaks
  A steam dragon (D:9)
  A wyvern (D:8)
  3 water moccasins
  8 porcupines
  An orc warrior (D:5)
  A phantom (D:4)
  2 sky beasts (D:6)
  3 black bears
  2 ice beasts
  3 ogres
  5 centaurs
  5 crocodiles
  2 big kobolds (D:9)
  5 bullfrogs
  A gnoll sergeant (D:8)
  3 scorpions
  8 killer bees
  8 wights
  A centaur zombie (Ossuary)
  A bullfrog skeleton (D:5)
  An orc priest (D:5)
  5 hounds
  6 orc wizards
  2 centaur skeletons
  Jessica (D:3)
  2 iguanas
  8 worker ants
  A big kobold zombie (Ossuary)
  4 mummies (Ossuary)
  2 worker ant zombies
  10 gnolls
  14 adders
  2 shadow imps (D:5)
  3 white imps
  An adder skeleton (D:5)
  A worm (D:2)
  2 dart slugs (D:1)
  8 leopard geckos
  25 orcs
  3 ball pythons
  7 giant cockroaches
  10 goblins
  9 hobgoblins
  30 jackals
  3 quokkas
  7 bats
  A frilled lizard (D:3)
  2 goblin zombies (Ossuary)
  A hobgoblin zombie (Ossuary)
  16 kobolds
  An orc zombie (Ossuary)
  14 rats
  A plant (D:8)
278 creatures vanquished.

Vanquished Creatures (collateral kills)
  A gargoyle (D:7)
  An ogre (D:10)
  A crocodile (Lair:1)
  A killer bee (D:10)
  A centaur zombie (Ossuary)
  A big kobold zombie (Ossuary)
  A mummy (Ossuary)
  2 gnolls (D:10)
9 creatures vanquished.

Vanquished Creatures (others)
  A killer bee (D:10)
  23 fungi (D:8)
  3 plants (D:8)
27 creatures vanquished.

Grand Total: 314 creatures vanquished

Notes
Turn   | Place    | Note
-------+----------+-------------------------------------------
     0 | D:1      | pk666 the Deep Elf Hedge Wizard began the quest for the
                  | Orb.
     0 | D:1      | Reached XP level 1. HP: 10/10 MP: 7/7
   216 | D:1      | Reached XP level 2. HP: 15/15 MP: 4/9
   224 | D:1      | Learned a level 2 spell: Blink
   503 | D:1      | Reached skill level 5 in Spellcasting
   727 | D:1      | Reached XP level 3. HP: 19/19 MP: 5/11
   733 | D:1      | Learned a level 3 spell: Conjure Flame
   737 | D:1      | Learned a level 3 spell: Mephitic Cloud
   740 | D:1      | Learned a level 2 spell: Call Imp
  1986 | D:2      | Reached XP level 4. HP: 24/24 MP: 7/13
  2051 | D:2      | Reached skill level 1 in Fire Magic
  2705 | D:3      | Reached skill level 1 in Poison Magic
  2711 | D:3      | Reached skill level 1 in Air Magic
  2858 | D:3      | Reached XP level 5. HP: 24/28 MP: 9/15
  3272 | D:3      | Noticed Jessica
  3428 | D:3      | Killed Jessica
  4091 | D:4      | Reached skill level 6 in Spellcasting
  4091 | D:4      | Reached XP level 6. HP: 28/32 MP: 13/17
  4565 | D:4      | Noticed Sigmund
  4579 | D:4      | Killed Sigmund
  4579 | D:4      | Reached XP level 7. HP: 27/36 MP: 3/19
  4739 | D:4      | Reached skill level 7 in Spellcasting
  5220 | D:5      | Entered Level 5 of the Dungeon
  6101 | D:5      | Reached skill level 5 in Conjurations
  6119 | D:5      | Reached XP level 8. HP: 41/41 MP: 2/21
  7096 | D:6      | Reached skill level 8 in Spellcasting
  7234 | D:6      | Found Ruiqoiliad's General Store.
  7243 | D:6      | Bought 3 scrolls of identify for 90 gold pieces
  7243 | D:6      | Bought a potion of curing for 45 gold pieces
  7446 | D:6      | Found Yneoleof's Weapon Boutique.
  7523 | D:6      | Found a shattered altar of Ashenzari.
  7553 | D:6      | Reached skill level 5 in Fire Magic
  7660 | D:6      | Found a sacrificial altar of Ru.
  7688 | D:6      | Found Dyonn's Distillery.
  7696 | D:6      | Bought a potion of curing for 33 gold pieces
  7696 | D:6      | Bought a potion of heal wounds for 55 gold pieces
  7696 | D:6      | Bought a potion of heal wounds for 55 gold pieces
  7696 | D:6      | Bought a potion of heal wounds for 55 gold pieces
  7879 | D:6      | Found Calaw's Antique Armour Emporium.
  8199 | D:7      | Found a sand-covered staircase.
  8215 | Ossuary  | Entered an ossuary
  8472 | Ossuary  | Reached skill level 5 in Dodging
  8993 | D:7      | Noticed a gargoyle
  9163 | D:7      | Found a staircase to the Ecumenical Temple.
  9169 | Temple   | Entered the Ecumenical Temple
  9195 | Temple   | Became a worshipper of Vehumet
  9326 | D:7      | Killed a gargoyle
  9326 | D:7      | Reached skill level 9 in Spellcasting
  9326 | D:7      | Reached XP level 9. HP: 45/45 MP: 0/24
 10389 | D:8      | Found Qufaem's Gadget Emporium.
 11053 | D:8      | Found a staircase to the Lair.
 11386 | D:8      | Reached skill level 10 in Spellcasting
 11763 | D:8      | Found a runed translucent door.
 11763 | D:8      | Noticed a yaktaur captain
 11763 | D:8      | Noticed a seven-headed hydra
 11763 | D:8      | Noticed a stone giant
 11765 | D:8      | Noticed a cyclops
 11765 | D:8      | Noticed a stone giant
 11765 | D:8      | Noticed a deep elf knight
 11765 | D:8      | Noticed a cyclops
 11765 | D:8      | Noticed a necromancer
 11799 | D:8      | Learned a level 1 spell: Apportation
 11874 | D:8      | Reached * piety under Vehumet
 11874 | D:8      | Offered knowledge of Sandblast by Vehumet.
 12224 | D:8      | Reached XP level 10. HP: 50/50 MP: 3/26
 12868 | D:9      | Noticed a two-headed ogre
 13097 | D:9      | Killed a two-headed ogre
 13245 | D:9      | Found a hazy altar of Hepliaklqana.
 13410 | D:9      | Noticed a two-headed ogre
 13438 | D:9      | Offered knowledge of Shock by Vehumet.
 13480 | D:9      | Killed a two-headed ogre
 13480 | D:9      | Reached skill level 11 in Spellcasting
 13701 | D:9      | Reached ** piety under Vehumet
 14142 | D:9      | You fall into a shaft and drop 1 floor!
 14142 | D:10     | Entered Level 10 of the Dungeon
 14186 | D:10     | Noticed a two-headed ogre
 15991 | D:10     | Noticed a death knight
 16012 | D:10     | Noticed a skeletal warrior
 16304 | Lair:1   | Entered Level 1 of the Lair of Beasts
 16422 | Lair:1   | Reached XP level 11. HP: 54/54 MP: 22/28
 17274 | Lair:1   | Reached skill level 12 in Spellcasting
 17682 | Lair:2   | Slain by a cane toad

Illustrated notes

Levels and vault maps discovered:
D:1:      minmay_arrival_cross, layout_loops_ring
D:2:      layout_loops_ring, grunt_ministairs_10, minmay_split_cup_small
D:3:      layout_rooms, uniq_jessica
D:4:      layout_loops_ring, uniq_sigmund
D:5:      layout_loops_ring, corner_web_ring, guppyfry_early_orc_mine
D:6:      layout_cave_pods, kennysheep_mini_moat, serial_shops,
          nicolae_shop_temple_entry_statues_fountains, shop_fountains,
          kennysheep_mini, nicolae_shop_temple_entry_statues_fountains,
          nicolae_ru_awakened_eye
D:7:      layout_cave_pools, minmay_temple_entry_hall, enter_ossuary_1
D:8:      minmay_gate_of_8, layout_basic, due_lair_maze_entry_diamond,
          serial_shops, shop
D:9:      layout_loops_ring, basic_altar
D:10:     layout_gridville, nrook_campfire
Temple:   grunt_wide_crystal_templ
Lair:1:   layout_regular_city, st_stairs_7, grunt_megastairs_1
Lair:2:   layout_cave_pods, guppyfry_snake_entry_island

Skill      XL: |  1  2  3  4  5  6  7  8  9 10 11 |
---------------+----------------------------------+-----
Conjurations   | 2 3 4 5 6 7 9 |  9.6
Spellcasting   | 5 6 7 9 10 11 12 | 12.0
Fire Magic     | 1 2 3 4 5 7 9 |  9.3
Translocations | 2 |  2.0
Poison Magic   | 1 2 3 |  3.0
Air Magic      | 1 2 |  2.0
Summonings     | 2 |  2.0
Dodging        | 3 5 7 9 |  9.6
Stealth        | |  2.4

Action                   |  1- 3 |  4- 6 |  7- 9 | 10-12 || total
-------------------------+-------+-------+-------+-------++-------
Melee: Dagger            |     4 |       |     7 |    23 ||    34
Throw: Dart              |    10 |     1 |    14 |       ||    25
 Cast: Magic Dart        |   127 |   156 |   460 |   281 ||  1024
       Mephitic Cloud    |       |     5 |    44 |    43 ||    92
       Conjure Flame     |       |     3 |    30 |    37 ||    70
       Call Imp          |       |     2 |    20 |    28 ||    50
       Blink             |       |       |     9 |    14 ||    23
  Use: Scroll            |       |       |    17 |       ||    17
       Potion            |       |       |       |     2 ||     2
 Stab: Confused          |       |       |       |     2 ||     2
Armor: Robe              |    10 |    10 |    24 |     5 ||    49
Dodge: Dodged            |    12 |    21 |    87 |    65 ||   185

Table legend: (Time is in decaauts)
 A = Elapsed time spent in this place.
 B = Non-inter-level travel time spent in this place.
 C = Inter-level travel time spent in this place.
 D = Time resting spent in this place.
 E = Time spent auto-exploring this place.
 F = Levels seen in this place.
 G = Mean time per level.
                   A        B        C        D        E       F      G
               +--------+--------+--------+--------+--------+-----+--------+
         Total |  17694 |  17220 |    474 |   7322 |   6856 |  14 | 1263.9 |
       Dungeon |  15497 |  15057 |    440 |   6495 |   6029 |  10 | 1549.7 |
        Temple |     87 |     74 |     13 |      0 |     67 |   1 |   87.0 |
          Lair |   1377 |   1357 |     20 |    443 |    757 |   2 |  688.5 |
       Ossuary |    731 |    731 |      0 |    384 |      3 |   1 |  731.0 |
               +--------+--------+--------+--------+--------+-----+--------+

Top non-repeatable levels by time:
     D:8: 2162 daAuts
     D:9: 2159 daAuts
     D:5: 1809 daAuts
     D:7: 1771 daAuts
     D:3: 1427 daAuts
     D:2: 1399 daAuts
     D:1: 1302 daAuts
  Lair:1: 1281 daAuts
    D:10: 1222 daAuts
     D:6: 1155 daAuts
     D:4: 1087 daAuts
 Ossuary: 731 daAuts
  Lair:2: 95 daAuts
  Temple: 87 daAuts
